 Dungeon Crawl Stone Soup version 0.31-a0-664-g902f515a81 (webtiles) character file.

Game seed: 1520525456620753387

1477 pokeman the Thaumaturge (level 8, 0/44 HPs)
             Began as a Deep Elf Hedge Wizard on Sept 2, 2023.
             Shot with a sling bullet by Joseph (9 damage)
             ... on level 6 of the Dungeon.
             The game lasted 00:11:31 (8121 turns).

pokeman the Thaumaturge (Deep Elf Hedge Wizard)     Turns: 8121, Time: 00:11:31

Health: 0/44       AC:  4    Str: 13    XL:     8   Next: 49%
Magic:  18/23      EV: 13    Int: 22    God:
Gold:   284        SH:  0    Dex: 14    Spells: 16/26 levels left

rFire   . . .        D - +0 whip (elec)
rCold   . . .        (no shield)
rNeg    . . .        b - +0 robe
rPois   .            c - +0 hat
rElec   .            (no cloak)
rCorr   .            H - +0 pair of gloves
SInv    .            I - +0 pair of boots
Will    .....        f - amulet of the acrobat
Stlth   ++           F - +6 ring of strength
HPRegen 0.27/turn    (no ring)
MPRegen 0.18/turn

%: acrobat
@: on blink cooldown, very slightly contaminated
A: no striking features
a: no special abilities


You were on level 6 of the Dungeon.
You visited 1 branch of the dungeon, and saw 7 of its levels.

You collected 358 gold pieces.
You spent 74 gold pieces at shops.

Inventory:

Hand Weapons
 D - a +0 whip of electrocution (weapon)
Missiles
 g - 14 poisoned darts (quivered)
 l - 2 throwing nets
Armour
 b - a +0 robe (worn)
 c - a +0 hat (worn)
 z - an orb of mayhem
 H - a +0 pair of gloves (worn)
 I - a +0 pair of boots (worn)
Magical Staves
 h - a staff of conjuration
Jewellery
 f - an amulet of the acrobat (around neck)
 F - a +6 ring of strength (left hand)
Wands
 C - a wand of flame (18)
 G - a wand of light (6)
Scrolls
 e - 7 scrolls of identify {unknown}
 i - 2 scrolls of amnesia {unknown}
 j - 3 scrolls of brand weapon {unknown}
 k - 2 scrolls of revelation {unknown}
 m - a scroll of butterflies {unknown}
 o - a scroll of blinking {unknown}
 p - 2 scrolls of fog {unknown}
 q - 5 scrolls of immolation {unknown}
 v - 2 scrolls of noise {unknown}
 w - 2 scrolls of vulnerability {unknown}
 y - a scroll of poison {unknown}
Potions
 a - 3 potions of degeneration {unknown}
 d - 2 potions of magic
 n - a potion of mutation {unknown}
 r - a potion of heal wounds {unknown}
 s - a potion of enlightenment {unknown}
 t - a potion of curing {unknown}
 u - a potion of invisibility {unknown}
 x - a potion of brilliance {unknown}
 A - a potion of lignification {unknown}
 B - a potion of attraction {unknown}
 E - a potion of ambrosia {unknown}


   Skills:
 - Level 2.0 Fighting
 + Level 2.5 Armour
 - Level 3.0 Dodging
 - Level 3.0 Stealth
 * Level 9.7 Spellcasting
 + Level 5.1 Conjurations
 - Level 1.1 Summonings
 - Level 1.1 Translocations
 - Level 1.0 Transmutations
 - Level 1.0 Air Magic
 + Level 4.0 Earth Magic
 - Level 1.0 Poison Magic
 - Level 1.1 Evocations


You had 16 spell levels left.
You knew the following spells:

 Your Spells              Type           Power      Damage    Failure   Level
a - Magic Dart            Conj           100%       1d8       1%          1
b - Mephitic Cloud        Conj/Pois/Air  21%        N/A       7%          3
c - Call Imp              Summ           30%        N/A       6%          2
d - Blink                 Tloc           30%        N/A       6%          2
e - Passwall              Tmut/Erth      17%        N/A       3%          2

Your spell library contained the following spells:

 Spells                   Type           Power      Damage    Failure   Level
 Searing Ray              Conj           66%        2d6       1%          2
 Momentum Strike          Conj/Tloc      48%        3d9       2%          2
 Slow                     Hex            40%        N/A       6%          1
 Lesser Beckoning         Tloc           30%        N/A       6%          2
 Cigotuvi's Dreadful Rot  Necr/Pois/Air  26%        N/A       7%          2
 Ensorcelled Hibernation  Hex/Ice        20%        N/A       10%         2
 Call Canine Familiar     Summ           15%        N/A       12%         3
 Swiftness                Air            15%        N/A       12%         3
 Portal Projectile        Hex/Tloc       26%        N/A       16%         3
 Fulminant Prism          Conj/Hex       11%        3d8       22%         4
 Leda's Liquefaction      Hex/Erth       9%         N/A       26%         4
 Manifold Assault         Tloc           15%        N/A       36%         4


Dungeon Overview and Level Annotations

Branches:
Dungeon (7/15)             Temple (0/1) D:6

Altars:
Ashenzari
Fedhas
Gozag
Makhleb
Qazlal
Ru
Trog
Uskayaw

Shops:
D:4 *

Annotations:
D:6 Joseph


Message History

Press: ? - help, v - describe, . - travel
Here: Joseph, wielding a +1 heavy quarterstaff, wearing a +0 leather armour and carrying a wand of flame (noxious fumes)
The floor.
Unknown command.
Joseph is engulfed in noxious fumes.
Joseph appears confused.
Joseph completely misses you.
You hit Joseph but do no damage.
An orc comes into view. It is wielding a +0 club.
The orc shouts!
You hit Joseph but do no damage. You barely miss Joseph.
There is a stone staircase leading up here.
You hit Joseph but do no damage.
Joseph hits you with a +1 heavy quarterstaff!
Joseph hits himself with a +1 heavy quarterstaff!
You hit Joseph but do no damage.
Joseph is lightly wounded.
Joseph seems less confused.
An orc warrior comes into view. It is wielding a +0 war axe.
Unknown command.
Joseph hits you with a +1 heavy quarterstaff!!
* * * LOW HITPOINT WARNING * * *
You climb upwards.
There is a stone staircase leading down here.
Unknown command.
Unknown command.
Casting: Mephitic Cloud (dangerous; 7% risk of failure)
Confirm with . or Enter, or press ? or * to list all spells.
You miscast Blink.
You are very lightly contaminated with residual magic.
Nothing appears to happen.
Unknown command.
Casting: Blink (safe; 6% risk of failure)
Confirm with . or Enter, or press ? or * to list all spells.
You blink.
Joseph shouts, "At last, some action!"
Joseph unwields a +1 heavy quarterstaff.
Joseph wields a +4 sling of flaming.
It bursts into flame!
Joseph shoots a sling bullet.
The sling bullet hits you!
You die...

#....#).#.##).).....).#
#.[#)#......).###'###.#
.##.[.#.......# #.# #.#
..........##..###.###.# ######
.#......#.##..'.._..'.# #....#
.###.#.##.###.#######.# #.##.#
<.5...........# ### #.######<##..
#########.###.#######.)......####
.# #...##...@.)...#.###### .#
#...####.#..#.)#...# .# #...#
#.#.###.....# ## #...#
#.#..#..#...####### #
######...####.##.).##..##.....#
###.............##.@.....##.....#
................##ยง####.........#
###.............##.####.#.#.....#
.#####.#...#.#####.##..###......#


You could see Joseph.

Vanquished Creatures
  2 black bears (D:6)
  An ice beast (D:6)
  An ogre (D:6)
  A bullfrog (D:6)
  5 scorpions
  3 wights (D:6)
  2 orc priests
  2 jellies
  3 hounds
  2 iguanas
  2 sleepcaps (D:6)
  An orc wizard (D:6)
  10 gnolls
  6 adders
  3 worms
  3 dart slugs
  13 orcs
  7 ball pythons
  5 endoplasms
  A giant cockroach (D:3)
  4 goblins
  7 hobgoblins
  7 quokkas
  7 bats
  2 frilled lizards
  11 kobolds
  8 rats
119 creatures vanquished.

Notes
Turn   | Place    | Note
-------+----------+-------------------------------------------
     0 | D:1      | pokeman the Deep Elf Hedge Wizard began the quest for the
                  | Orb.
     0 | D:1      | Reached XP level 1. HP: 10/10 MP: 7/7
   355 | D:1      | Reached XP level 2. HP: 15/15 MP: 4/9
  1343 | D:2      | Reached skill level 5 in Spellcasting
  1481 | D:2      | Reached XP level 3. HP: 20/20 MP: 6/11
  1485 | D:2      | Learned a level 3 spell: Mephitic Cloud
  1488 | D:2      | Learned a level 2 spell: Call Imp
  1491 | D:2      | Learned a level 2 spell: Blink
  1882 | D:2      | Reached skill level 1 in Fighting
  1923 | D:2      | Reached skill level 1 in Armour
  2135 | D:2      | Found a burning altar of Makhleb.
  2343 | D:2      | Reached XP level 4. HP: 25/25 MP: 7/13
  3808 | D:3      | Found a bloodstained altar of Trog.
  3928 | D:4      | Found Dusat's Assorted Antiques.
  3934 | D:4      | Bought a fuming puce potion for 14 gold pieces
  3934 | D:4      | Bought a sedimented black potion for 14 gold pieces
  3934 | D:4      | Bought a scroll labelled PEDGHU XUPH for 16 gold pieces
  3934 | D:4      | Bought a scroll labelled RICSYGU LYKID for 16 gold pieces
  3934 | D:4      | Bought a yellow potion for 14 gold pieces
  4016 | D:4      | Reached XP level 5. HP: 29/29 MP: 13/15
  4531 | D:4      | Reached skill level 6 in Spellcasting
  4634 | D:4      | Identified the +0 ring mail of the Gloaming {Dex+4}
  4649 | D:4      | Reached skill level 1 in Poison Magic
  4880 | D:4      | Reached skill level 1 in Air Magic
  4880 | D:4      | Reached skill level 1 in Evocations
  4885 | D:4      | Learned a level 2 spell: Passwall
  5009 | D:4      | Reached XP level 6. HP: 34/34 MP: 12/17
  5352 | D:5      | Entered Level 5 of the Dungeon
  5417 | D:5      | Reached skill level 1 in Transmutations
  5417 | D:5      | Reached skill level 1 in Earth Magic
  5441 | D:5      | Reached skill level 7 in Spellcasting
  5739 | D:5      | Reached XP level 7. HP: 34/39 MP: 6/19
  5819 | D:5      | Found a broken altar of Ashenzari.
  5965 | D:5      | Found a sacrificial altar of Ru.
  6483 | D:6      | Found a blossoming altar of Fedhas.
  6563 | D:6      | Found a staircase to the Ecumenical Temple.
  6663 | D:6      | Found a burning altar of Makhleb.
  6682 | D:6      | Reached skill level 8 in Spellcasting
  7066 | D:6      | Found a stormy altar of Qazlal.
  7068 | D:6      | Noticed a water elemental
  7076 | D:6      | Noticed an air elemental
  7079 | D:6      | Noticed a fire elemental
  7148 | D:6      | Reached XP level 8. HP: 43/44 MP: 13/22
  7229 | D:6      | Found a hide-covered altar of Uskayaw.
  7296 | D:6      | Found an opulent altar of Gozag.
  7328 | D:6      | Reached skill level 9 in Spellcasting
  7683 | D:6      | Reached skill level 5 in Conjurations
  8102 | D:7      | Noticed Joseph
  8121 | D:6      | Shot with a sling bullet by Joseph

Illustrated notes

Levels and vault maps discovered:
D:1:      dpeg_arrival_three_same_balls, layout_basic
D:2:      layout_loops_corners, basic_altar
D:3:      layout_loops_ring, mainiacjoe_overflow_alcove_2, st_stairs_13,
          dk_vineyard_3
D:4:      layout_layer_cave, serial_shops, shop, kennysheep_generic_room_6
D:5:      layout_rooms, nicolae_ru_the_path_less_chosen,
          cheibrodos_ashenzari_chains
D:6:      layout_loops_cross, fedhas_altar_fruit_tree,
          mainiacjoe_overflow_boulevard, nicolae_qazlal_style_of_elements,
          lemuel_doored_altar, bloody_makhleb, minmay_temple_entry_mini_moons
D:7:      layout_cave_pools, mainiacjoe_overflow_chevrons,
          mainiacjoe_overflow_surrounded_room, minivault_14, uniq_jeremiah,
          uniq_joseph

Skill      XL: |  1  2  3  4  5  6  7  8 |
---------------+-------------------------+-----
Spellcasting   | 5 6 7 8 9 |  9.7
Fighting       | 1 2 |  2.0
Armour         | 1 2 |  2.5
Conjurations   | 2 3 4 5 |  5.1
Dodging        | 3 |  3.0
Stealth        | 3 |  3.0
Poison Magic   | 1 |  1.0
Air Magic      | 1 |  1.0
Evocations     | 1 |  1.1
Transmutations | 1 |  1.0
Earth Magic    | 1 3 4 |  4.0
Summonings     | |  1.1
Translocations | |  1.1

Action                     |  1- 3 |  4- 6 |  7- 9 || total
---------------------------+-------+-------+-------++-------
  Melee: Dagger            |     2 |       |       ||     2
         Long sword        |       |     8 |       ||     8
         Whip              |       |    13 |    27 ||    40
         Punch             |       |       |     2 ||     2
  Throw: Dart              |     3 |       |       ||     3
   Cast: Magic Dart        |   101 |   139 |   154 ||   394
         Mephitic Cloud    |     1 |     7 |     6 ||    14
         Blink             |       |     1 |     5 ||     6
         Call Imp          |       |       |     4 ||     4
         Passwall          |       |       |     1 ||     1
   Stab: Confused          |       |     3 |     2 ||     5
 Armour: Robe              |     8 |    12 |    22 ||    42
  Dodge: Dodged            |    14 |    28 |    26 ||    68

Table legend: (Time is in decaauts)
 A = Elapsed time spent in this place.
 B = Non-inter-level travel time spent in this place.
 C = Inter-level travel time spent in this place.
 D = Time resting spent in this place.
 E = Time spent auto-exploring this place.
 F = Levels seen in this place.
 G = Mean time per level.
                   A        B        C        D        E       F      G
               +--------+--------+--------+--------+--------+-----+--------+
         Total |   8126 |   7827 |    299 |    271 |   6663 |   7 | 1160.9 |
       Dungeon |   8126 |   7827 |    299 |    271 |   6663 |   7 | 1160.9 |
               +--------+--------+--------+--------+--------+-----+--------+

Top non-repeatable levels by time:
     D:6: 1593 daAuts
     D:2: 1578 daAuts
     D:4: 1520 daAuts
     D:1: 1376 daAuts
     D:5: 1158 daAuts
     D:3: 880 daAuts
     D:7: 18 daAuts
